 Dungeon Crawl Stone Soup version 0.26-a0-1177-g1209ec82b9 (webtiles) character file.

Game seed: 5011374062167135010

256 sahdkjhfkaj the Grasshopper (level 5, -9/26 HPs)
             Began as a Spriggan Warper on Dec 24, 2020.
             Was an Initiate of Okawaru.
             Mangled by a gnoll
             ... wielding a +0 flail
              (10 damage)
             ... on level 3 of the Dungeon.
             The game lasted 00:05:29 (5196 turns).

sahdkjhfkaj the Grasshopper (Spriggan Warper)       Turns: 5196, Time: 00:05:29

Health: -9/26      AC:  3    Str:  7    XL:     5   Next: 92%
Magic:  11/11      EV: 19    Int: 15    God:    Okawaru [......]
Gold:   215        SH:  0    Dex: 16    Spells: 11/11 levels left

rFire    . . .     SeeInvis +   b - +0 hunting sling
rCold    . . .     Faith    .   (shield restricted)
rNeg     . . .     Spirit   .   k - +0 robe
rPois    .         Reflect  .   (helmet restricted)
rElec    .         Harm     .   A - +0 cloak
rCorr    .         Rampage  .   (gloves unavailable)
Will     .....                  (boots unavailable)
Stlth    +.........             (no amulet)
HPRegen  0.08/turn              (no ring)
MPRegen  0.12/turn              (no ring)

@: slow
A: very small, unfitting armour, see invisible, speed 3
a: Renounce Religion


You were on level 3 of the Dungeon.
You worshipped Okawaru.
Okawaru was noncommittal.
You visited 1 branch of the dungeon, and saw 3 of its levels.

You collected 215 gold pieces.

Inventory:

Hand Weapons
 a - a +0 spear
 b - a +0 hunting sling (weapon)
Missiles
 e - 5 boomerangs of dispersal
 m - 40 stones (quivered ammo)
Armour
 k - a +0 robe (worn)
 A - a +0 cloak (worn)
Jewellery
 c - an uncursed ring of protection from cold {unknown}
 s - an uncursed ring of resist corrosion {unknown}
 u - a cursed ring of teleportation {unknown}
Scrolls
 d - a scroll of blinking
 g - 3 scrolls of enchant armour
 i - 3 scrolls of remove curse
 l - 2 scrolls of teleportation {!r}
 p - 3 scrolls of enchant weapon
 r - a scroll of fog {unknown}
 t - 3 scrolls of magic mapping
 x - a scroll of amnesia {unknown}
 y - a scroll of fear {unknown}
 z - a scroll of random uselessness {unknown}
Potions
 o - a potion of haste
 w - a potion of heal wounds {unknown}


   Skills:
 - Level 2.0 Fighting
 - Level 2.0 Polearms
 + Level 4.4(4.5) Slings
 - Level 1.0(2.5) Throwing
 - Level 1.0 Armour
 - Level 3.5 Dodging
 + Level 3.9 Spellcasting
 + Level 5.6 Translocations


You had 11 spell levels left.
You didn't know any spells.
Your spell library contained the following spells:

 Spells                   Type           Power        Failure   Level
 Blink                    Tloc           N/A          2%          2
 Gell's Gravitas          Tloc           9%           5%          3
 Lesser Beckoning         Tloc           9%           5%          3
 Teleport Other           Tloc           19%          5%          3
 Passage of Golubria      Tloc           N/A          19%         4


Dungeon Overview and Level Annotations

Branches:
Dungeon (3/15)

Altars:
Elyvilon
Makhleb
Okawaru
Ru


Innate Abilities, Weirdness & Mutations

You are very small and have problems with some larger weapons.
You are too small for most types of armour.
You have supernaturally acute eyesight. (SInv)
You cover ground extremely quickly.


Message History

Fire: 41 stones
Press: ? - help, Q - select action, (/) - cycle Shift-Dir - straight line, f/p - gnoll shaman
Aim: a gnoll shaman, wielding a +0 club and wearing a cursed +0 leather armour (severely wounded)
You shoot a stone.
The stone hits the gnoll shaman but does no damage.
The gnoll shaman is severely wounded.
The gnoll shaman calls upon its god to heal the gnoll.
The gnoll is healed somewhat.
Unknown command.
The gnoll hits you with a +0 flail.
* * * LOW HITPOINT WARNING * * *
The gnoll shaman utters an invocation to its god.
The gnoll shaman is healed somewhat.
The gnoll shouts!
Really attack while wielding your +0 hunting sling?
Okay, then.
You enter the shallow water.
Moving in this stuff is going to be slow.
The gnoll hits you with a +0 flail!
You die...

###### #...#.##.#... g(.g.#
##..#.#.....♣ (###.####
#..#.#....♣. ........#
#..#.#...♣.♣ ........#
#..#)#..♣.♣.
........###############.#.#...♣.♣
.........g......P.....#.#.#....♣.
≈≈≈≈≈≈≈≈≈≈≈≈≈≈≈g≈≈....#.#.#.....♣
≈≈≈≈≈≈≈≈≈≈≈≈≈≈≈≈@≈....#.).#..#...
≈≈≈≈≈≈≈≈≈≈≈#####≈≈....#..........
...........#.g.#≈≈....##..#####..
############..g#≈≈....###>.......
#+###≈≈P...# ######### ≈≈≈....#
≈≈≈....# ≈≈≈....#


You could see a gnoll shaman and a gnoll (fast).

Vanquished Creatures
  A centaur (D:3)
  A hound (D:2)
  Jessica (D:2)
  2 gnolls (D:3)
  4 adders
  A dart slug (D:1)
  2 worms (D:2)
  A leopard gecko (D:2)
  2 orcs (D:3)
  A ball python (D:1)
  4 giant cockroaches
  3 hobgoblins
  13 jackals
  3 bats
  3 frilled lizards
  7 goblins
  4 kobolds
  3 rats
56 creatures vanquished.

Notes
Turn   | Place    | Note
-------+----------+-------------------------------------------
     0 | D:1      | sahdkjhfkaj the Spriggan Warper began the quest for the
                  | Orb.
     0 | D:1      | Reached XP level 1. HP: 10/10 MP: 5/5
   613 | D:1      | Reached XP level 2. HP: 12/15 MP: 6/6
  1247 | D:2      | Noticed Jessica
  1251 | D:2      | Killed Jessica
  1252 | D:2      | Reached skill level 1 in Armour
  1252 | D:2      | Reached skill level 1 in Slings
  1252 | D:2      | Reached XP level 3. HP: 18/18 MP: 8/8
  1738 | D:2      | Reached XP level 4. HP: 20/23 MP: 9/9
  2419 | D:2      | Found a burning altar of Makhleb.
  2492 | D:2      | HP: 1/23 [hound (3)]
  3576 | D:2      | Found a burning altar of Makhleb.
  3845 | D:3      | Reached XP level 5. HP: 25/26 MP: 10/10
  4020 | D:3      | Found an iron altar of Okawaru.
  4108 | D:3      | Became a worshipper of Warmaster Okawaru
  4122 | D:3      | Noticed a centaur
  4147 | D:3      | Killed a centaur
  4148 | D:3      | Reached skill level 5 in Translocations
  4952 | D:3      | Found a white marble altar of Elyvilon.
  4952 | D:3      | Found a sacrificial altar of Ru.
  5182 | D:3      | HP: 1/26 [gnoll/+0 flail (6)]
  5196 | D:3      | Mangled by a gnoll

Illustrated notes

Levels and vault maps discovered:
D:1:      minmay_arrival_nine_rooms, layout_basic, serial_curves,
          eino_curves_02, eino_curves_02, minmay_hexomino_f4
D:2:      layout_loops_ring, makhleb_heckhound_becter, minmay_split_cup_large,
          uniq_jessica
D:3:      lemuel_castle_with_subvaults [lemuel_castle_interior_carwin_2],
          layout_basic, gammafunk_temple_overflow_elements, okawaru_trees_2,
          interstate_on_off

Skill      XL: |  1  2  3  4  5 |
---------------+----------------+-----
Polearms       | 2 |  2.0
Fighting       | 2 |  2.0
Armour         | 1 |  1.0
Slings         | 1 2 3 4 |  4.4
Spellcasting   | 3 |  3.9
Translocations | 5 |  5.6
Throwing       | |  1.0
Dodging        | |  3.5

Action                   |  1- 3 |  4- 6 || total
-------------------------+-------+-------++-------
Melee: Spear             |    65 |    13 ||    78
       Unarmed           |       |     5 ||     5
 Fire: Hunting sling     |    45 |   229 ||   274
  Use: Potion            |       |     7 ||     7
       Scroll            |       |     5 ||     5
Armor: Robe              |     8 |    10 ||    18
       Skin              |       |     3 ||     3
Dodge: Dodged            |    63 |   120 ||   183

Table legend: (Time is in decaauts)
 A = Elapsed time spent in this place.
 B = Non-inter-level travel time spent in this place.
 C = Inter-level travel time spent in this place.
 D = Time resting spent in this place.
 E = Time spent auto-exploring this place.
 F = Levels seen in this place.
 G = Mean time per level.
                   A        B        C        D        E       F      G
               +--------+--------+--------+--------+--------+-----+--------+
         Total |   4097 |   4036 |     61 |   1269 |   2170 |   3 | 1365.7 |
       Dungeon |   4097 |   4036 |     61 |   1269 |   2170 |   3 | 1365.7 |
               +--------+--------+--------+--------+--------+-----+--------+

Top non-repeatable levels by time:
     D:2: 1804 daAuts
     D:3: 1184 daAuts
     D:1: 1108 daAuts
